 Dungeon Crawl Stone Soup version 0.29-a0-824-gd827844252 (webtiles) character file.

Game seed: 15006106358492704323

78019 Lekart the Cleaver (level 15, -12/182 HPs)
             Began as a White Draconian Fighter on July 8, 2022.
             Was a High Priest of the Shining One.
             Mangled by a two-headed ogre
             ... wielding a +0 giant club
              (16 damage)
             ... on level 1 of the Orcish Mines on July 9, 2022.
             The game lasted 00:31:30 (26133 turns).

Lekart the Cleaver (White Draconian Fighter)       Turns: 26133, Time: 00:31:30

Health: -12/182    AC: 33    Str: 29    XL:     15   Next: 17%
Magic:  28/28      EV: 14    Int:  9    God:    the Shining One [*****.]
Gold:   1439       SH:  6    Dex:  9    Spells: 26/32 levels left

rFire   . . .      SeeInvis .   a - +2 war axe (freeze)
rCold   + . .      Faith    .   b - +1 buckler
rNeg    + + +      Spirit   .   (body armour unavailable)
rPois   ∞          Reflect  .   P - +2 hat
rElec   +          Harm     .   n - +0 cloak
rCorr   .          Rampage  .   (gloves currently unavailable)
Will    +....                   (boots currently unavailable)
Stlth   +.........              E - amulet of magic regeneration
HPRegen 0.40/turn               e - +4 ring of protection
MPRegen 0.61/turn               v - +4 ring of protection

@: statue-form (expiring), very slightly contaminated, glowing, very slow
A: slow and powerful, torment resistance 1, boosted hp, (breathe frost), AC +9,
unfitting armour, cold resistance 1, cold-blooded, passive freeze, robust 1,
strong 1, inability to drink while threatened 1
a: End Transformation, Renounce Religion, Divine Shield, Cleansing Flame, Summon
Divine Warrior


You were on level 1 of the Orcish Mines.
You worshipped the Shining One.
The Shining One was extremely pleased with you.
You were a living statue of rough stone.
You visited 4 branches of the dungeon, and saw 24 of its levels.

You collected 1439 gold pieces.

Inventory:

Hand Weapons
 a - a +2 war axe of freezing (weapon)
 m - a +3 scimitar of flaming
 z - a +8 broad axe of holy wrath
Armour
 b - a +1 buckler (worn)
 n - a +0 cloak (worn)
 P - a +2 hat (worn)
Jewellery
 e - a +4 ring of protection (left fist)
 i - a ring of willpower
 l - an amulet of faith
 o - an amulet of reflection
 s - an amulet of guardian spirit
 u - a ring of flight
 v - a +4 ring of protection (right fist)
 B - a ring of protection from cold
 E - an amulet of magic regeneration (around neck)
 I - a ring of protection from fire
 J - a +6 ring of strength
 M - a ring of wizardry
 N - a +6 ring of strength
 O - a +6 ring of dexterity
 Q - a ring of protection from cold
 R - a ring of willpower
Wands
 r - a wand of light (14)
 x - a wand of polymorph (15)
 y - a wand of flame (53)
 K - a wand of paralysis (3)
Scrolls
 c - 9 scrolls of teleportation
 j - 2 scrolls of enchant armour
 t - 4 scrolls of identify
 A - 2 scrolls of immolation
 D - 2 scrolls of vulnerability
 H - 4 scrolls of amnesia
Potions
 d - 2 potions of brilliance
 f - 2 potions of flight
 g - 7 potions of attraction
 h - 5 potions of haste
 k - 3 potions of resistance
 p - 2 potions of might
 q - 2 potions of mutation
 w - 4 potions of degeneration
 C - 4 potions of curing
 F - a potion of cancellation
 L - a potion of magic
Miscellaneous
 G - a lightning rod (2/4)


   Skills:
 + Level 10.8 Fighting
 + Level 1.1 Long Blades
 + Level 14.3 Axes
 + Level 8.4 Dodging
 + Level 7.8 Shields
 * Level 9.0 Spellcasting
 * Level 9.3 Transmutations
 * Level 9.3 Earth Magic
 * Level 10.3 Invocations
 + Level 0.7 Evocations


You had 26 spell levels left.
You knew the following spells:

 Your Spells              Type           Power      Damage    Failure   Level
a - Statue Form           Tmut/Erth      13%        N/A       54%         6

Your spell library contained the following spells:

 Spells                   Type           Power      Damage    Failure   Level
 Petrify                  Tmut/Erth      20%        N/A       4%          4
 Blade Hands              Tmut           10%        N/A       12%         5
 Apportation              Tloc           8%         N/A       21%         1
 Slow                     Hex            16%        N/A       21%         1
 Static Discharge         Conj/Air       4%         3-4/arc   30%         2
 Confusing Touch          Hex            4%         N/A       52%         3
 Portal Projectile        Hex/Tloc       8%         N/A       52%         3
 Tukima's Dance           Hex            4%         N/A       52%         3
 Vampiric Draining        Necr           4%         2d6       52%         3
 Alistair's Intoxication  Tmut/Pois      8%         N/A       63%         5
 Dispel Undead            Necr           4%         3d7       89%         4
 Sticky Flame             Conj/Fire      4%         2d3       89%         4
 Summon Ice Beast         Ice/Summ       4%         N/A       89%         4
 Metabolic Englaciation   Hex/Ice        2%         N/A       99%         5
 Summon Forest            Summ/Tloc      2%         N/A       99%         5
 Summon Mana Viper        Hex/Summ       4%         N/A       99%         5
 Dispersal                Tloc           2%         N/A       100%        6
 Summon Cactus Giant      Summ           2%         N/A       100%        6
 Monstrous Menagerie      Summ           2%         N/A       100%        7
 Disjunction              Tloc           2%         N/A       100%        8


Dungeon Overview and Level Annotations

Branches:
Dungeon (15/15)            Temple (1/1) D:5            Lair (6/6) D:10
  Swamp (0/4) Lair:4        Snake (0/4) Lair:4        Slime (0/5) Lair:5
    Orc (2/2) D:9          Vaults (0/5) D:14
    Elf: Orc:2       Depths: D:15

Altars:
Ashenzari
Cheibriados
Dithmenos
Elyvilon
Fedhas
Gozag
Hepliaklqana
Kikubaaqudgha
Makhleb
Nemelex Xobeh
Okawaru
Qazlal
Ru
Sif Muna
Trog
Uskayaw
Vehumet
Wu Jian
Xom
Yredelemnul
Zin
The Shining One
Jiyva

Shops:
D:3 (   Orc:1 :   Orc:2 ==


Innate Abilities, Weirdness & Mutations

You are a living statue of rough stone.
Your actions are slow, but your melee attacks are powerful.
You are resistant to unholy torment.
Your maximum health is greatly increased.
You are immune to poison.
Your equipment is partially melded.
((You can breathe waves of freezing cold which knock back foes.))
((Your icy white scales are hard. (AC +9)))
You cannot fit into any form of body armour.
Your flesh is cold resistant. (rC+)
You are cold-blooded and may be slowed by cold attacks.
A frigid envelope surrounds you and freezes all who hurt you.
You are robust. (+10% HP)
Your muscles are strong. (Str +4, Int/Dex -1)
You occasionally lose the ability to drink potions when taking damage.


Message History

You kill the two-headed ogre!
You hit the two-headed ogre. You freeze the two-headed ogre.
You hit the two-headed ogre but do no damage.
You slice the deep troll!! You freeze the deep troll.
The two-headed ogre hits you with a +0 giant spiked club!
* * * LOW HITPOINT WARNING * * *
The two-headed ogre is very cold.
The two-headed ogre is severely wounded.
The two-headed ogre hits you with a +0 giant club!
* * * LOW HITPOINT WARNING * * *
The two-headed ogre is very cold.
The two-headed ogre is almost dead.
The deep troll bites you but does no damage.
The deep troll is very cold.
The deep troll is severely wounded.
The deep troll claws you!
* * * LOW HITPOINT WARNING * * *
The deep troll is very cold.
The deep troll is severely wounded.
You block the deep troll's attack. You block the two-headed ogre's attack.
The two-headed ogre hits you with a +0 giant spiked club.
* * * LOW HITPOINT WARNING * * *
The two-headed ogre is very cold.
The two-headed ogre is severely wounded.
Okay, then.
Okay, then.
You feel better.
The deep troll bites you but does no damage.
The deep troll is very cold.
The deep troll is almost dead.
The deep troll claws you but does no damage.
The deep troll closely misses you.
The two-headed ogre completely misses you.
The two-headed ogre barely misses you.
The two-headed ogre hits you with a +0 giant club!
* * * LOW HITPOINT WARNING * * *
The two-headed ogre is very cold.
The two-headed ogre is severely wounded.
The two-headed ogre hits you with a +0 giant spiked club!
You die...

##....###...###
#....###......#
###.....###.....#
##.#......#....###
#.###..........#
##...##.#.......#
###......##....####
##......T.####..#
#.......)8#####.#
#.....##O.O..#.##
#...#####...#.##
#.....#....####
#.#.........#
###........##
###.....##
###.......##
###..........##


You could see 2 two-headed ogres and a deep troll.

Vanquished Creatures
  A quicksilver ooze (Lair:4)
  3 dire elephants (Lair:6)
  Josephine (Lair:6)
  6 hydras
  A vault guard (D:14)
  A boulder beetle (D:13)
  A catoblepas (Lair:5)
  4 two-headed ogres
  Erica (D:10)
  3 death yaks (Lair:3)
  A spectral dire elephant (Lair:6)
  Sonja (Lair:3)
  Amaemon (D:8)
  A spectral death yak (Lair:6)
  A spectral anaconda (Lair:6)
  An orc knight (D:14)
  2 bog bodies (Lair:4)
  3 necromancers (Lair:6)
  Pikel (D:7)
  2 ugly things (D:12)
  6 cyclopes
  2 manticores
  11 elephants
  Joseph (D:7)
  3 centaur zombies (D:13)
  8 black mambas
  An orange demon (D:8)
  2 gargoyles (D:11)
  Maggie (D:10)
  10 cane toads
  10 komodo dragons
  An efreet (D:13)
  3 kobold demonologists
  2 rime drakes
  6 trolls
  2 polar bears (Lair:3)
  12 blink frogs
  A hornet (D:9)
  14 slime creatures
  4 dream sheep (Lair:4)
  10 wraiths
  4 shadows
  2 wyverns
  65 yaks
  3 basilisks
  10 vampire mosquitoes
  A steam dragon (D:8)
  3 wargs
  2 acid dragons
  13 water moccasins
  6 orc warriors
  Duvessa (D:6)
  An elephant zombie (Lair:6)
  2 ice beasts
  4 black bears
  7 ogres
  9 centaurs
  15 wolves
  A boggart (D:14)
  6 phantoms
  2 kobold brigands
  A gnoll sergeant (D:9)
  15 bullfrogs
  2 scorpions
  2 necrophages (D:7)
  Dowan (D:6)
  4 wights (D:9)
  3 killer bees (D:7)
  4 troll zombies (D:9)
  6 howler monkeys
  3 electric eels
  3 hounds
  8 jellies
  4 orc priests
  Crazy Yiuf (D:7)
  Terence (D:2)
  A boggart zombie (D:13)
  2 iguanas
  11 hell rats
  13 orc wizards
  2 ogre zombies (D:9)
  5 gnolls (D:9)
  2 adders (D:2)
  12 white imps (D:13)
  3 ufetubi
  3 dart slugs
  23 orcs
  7 ball pythons
  4 bats
  5 endoplasms
  2 giant cockroaches
  11 goblins
  4 hobgoblins
  8 kobolds
  2 quokkas
  3 frilled lizards
  2 goblin skeletons (D:9)
  A goblin zombie (D:9)
  A hobgoblin skeleton (D:9)
  4 hobgoblin zombies (D:9)
  An orc skeleton (D:9)
  10 orc zombies (D:9)
  11 rats
514 creatures vanquished.

Vanquished Creatures (collateral kills)
  2 dire elephants (Lair:6)
  A boulder beetle (D:13)
  3 vault guards (D:14)
  A centaur warrior (D:14)
  4 death yaks
  A spectral death yak (Lair:6)
  A skeletal warrior (D:12)
  An ugly thing (D:14)
  An elephant (Lair:6)
  A dire elephant zombie (Lair:6)
16 creatures vanquished.

Vanquished Creatures (others)
  45 fungi
  53 plants
  15 withered plants
113 creatures vanquished.

Grand Total: 643 creatures vanquished

Notes
Turn   | Place    | Note
-------+----------+-------------------------------------------
     0 | D:1      | Lekart the Draconian Fighter began the quest for the Orb.
     0 | D:1      | Reached XP level 1. HP: 19/19 MP: 1/1
   211 | D:1      | Reached XP level 2. HP: 24/26 MP: 2/2
   497 | D:1      | Reached XP level 3. HP: 33/33 MP: 3/3
  1213 | D:2      | Noticed Terence
  1223 | D:2      | Killed Terence
  1224 | D:2      | Reached XP level 4. HP: 40/40 MP: 4/4
  1288 | D:2      | Reached skill level 3 in Axes
  2020 | D:3      | Found a shimmering altar of Xom.
  2147 | D:3      | Found Xim Lau's Antique Weapon Boutique.
  2334 | D:3      | Found a faded altar of an unknown god.
  2592 | D:4      | Noticed a phantom
  2592 | D:4      | Noticed a phantom
  2605 | D:4      | Killed a phantom
  2606 | D:4      | Reached skill level 4 in Axes
  2606 | D:4      | Reached XP level 5. HP: 22/46 MP: 5/5
  2606 | D:4      | Killed a phantom
  2858 | D:4      | Reached XP level 6. HP: 52/52 MP: 6/6
  2891 | D:4      | Identified the +8 flail of Wynniuf {pain, rC+ Str-4 Stlth+}
  2920 | D:4      | Reached skill level 5 in Axes
  3111 | D:4      | Found a white marble altar of Elyvilon.
  3206 | D:4      | Your scales start taking on an icy white colour.
  3206 | D:4      | Reached XP level 7. HP: 14/60 MP: 7/7
  3206 | D:4      | Gained mutation: Your flesh is cold resistant. (rC+) [White
                  | Draconian growth]
  3626 | D:4      | Noticed a two-headed ogre
  3920 | D:5      | Entered Level 5 of the Dungeon
  3952 | D:5      | Reached skill level 6 in Axes
  4020 | D:5      | Found a staircase to the Ecumenical Temple.
  4033 | Temple   | Entered the Ecumenical Temple
  4041 | Temple   | Became a worshipper of the Shining One
  4175 | D:5      | Reached skill level 1 in Invocations
  4297 | D:5      | Learned a level 6 spell: Statue Form
  4889 | D:6      | Reached skill level 5 in Fighting
  4959 | D:6      | Found the +18 Lear's hauberk
  5072 | D:6      | Found a basalt altar of Yredelemnul.
  5156 | D:6      | Found an ornate altar of the Wu Jian Council.
  5167 | D:6      | Reached XP level 8. HP: 24/68 MP: 9/9
  5428 | D:6      | Reached skill level 1 in Spellcasting
  5428 | D:6      | Reached skill level 1 in Transmutations
  5428 | D:6      | Reached skill level 1 in Earth Magic
  5645 | D:6      | Noticed Duvessa
  5645 | D:6      | Noticed Dowan
  5655 | D:6      | Killed Duvessa
  5656 | D:6      | Reached skill level 7 in Axes
  5670 | D:6      | Killed Dowan
  6152 | D:6      | Gained mutation: You occasionally shout uncontrollably at
                  | your foes. [potion of mutation]
  6152 | D:6      | Gained mutation: You have sharp toenails. [potion of
                  | mutation]
  6195 | D:7      | Noticed Pikel
  6206 | D:7      | Killed Pikel
  6207 | D:7      | Reached XP level 9. HP: 66/74 MP: 10/12
  6395 | D:7      | Reached skill level 5 in Shields
  6553 | D:7      | Reached skill level 5 in Dodging
  6599 | D:7      | Noticed Joseph
  6614 | D:7      | Killed Joseph
  6780 | D:7      | Reached skill level 8 in Axes
  7272 | D:7      | Found a runed translucent door.
  7275 | D:7      | Noticed Crazy Yiuf
  7358 | D:7      | Killed Crazy Yiuf
  7523 | D:8      | Noticed Maurice
  7524 | D:8      | Noticed Maurice
  7524 | D:8      | Maurice changed into Maurice the water moccasin
  7531 | D:8      | Killed Maurice the water moccasin
  7614 | D:8      | Reached * piety under the Shining One
  7979 | D:8      | Noticed Amaemon
  7980 | D:8      | Noticed an orange demon
  7998 | D:8      | Killed Amaemon
  7999 | D:8      | Reached XP level 10. HP: 28/83 MP: 9/15
  8003 | D:8      | Killed an orange demon
  8007 | D:8      | Lost mutation: You occasionally shout uncontrollably at
                  | your foes. [potion of mutation]
  8007 | D:8      | Lost mutation: You have sharp toenails. [potion of
                  | mutation]
  8007 | D:8      | Gained mutation: You are weak. (Str -2) [potion of
                  | mutation]
  8007 | D:8      | Gained mutation: You are covered in fur. (AC +1) [potion of
                  | mutation]
  8423 | D:9      | Found a staircase to the Orcish Mines.
  8439 | D:9      | Reached ** piety under the Shining One
  8457 | D:9      | Reached skill level 9 in Axes
  8466 | D:9      | Reached *** piety under the Shining One
  8958 | D:9      | Reached skill level 5 in Invocations
  9134 | D:9      | Noticed an orange demon
  9173 | D:9      | Noticed a rust devil
  9726 | D:10     | Entered Level 10 of the Dungeon
  9802 | D:10     | Noticed Erica
  9815 | D:10     | Killed Erica
  9816 | D:10     | Reached skill level 5 in Transmutations
  9816 | D:10     | Reached XP level 11. HP: 68/91 MP: 14/17
  9935 | D:10     | Identified the +0 chain mail of Dawn {rElec MP-9 Int+2
                  | Stlth+}
 10020 | D:10     | Reached **** piety under the Shining One
 10023 | D:10     | Noticed Maggie
 10035 | D:10     | Reached skill level 5 in Earth Magic
 10044 | D:10     | HP: 4/91 [Maggie/+4 broad axe (15)]
 10049 | D:10     | Killed Maggie
 10050 | D:10     | Reached skill level 10 in Axes
 10567 | D:10     | Found a staircase to the Lair.
 11211 | D:11     | Reached skill level 5 in Spellcasting
 11239 | D:11     | Noticed a four-headed hydra
 11250 | D:11     | Killed a one-headed hydra
 11508 | D:11     | Noticed a two-headed ogre
 11516 | D:11     | Killed a two-headed ogre
 12108 | D:11     | Reached skill level 1 in Long Blades
 12978 | D:12     | Noticed a red ugly thing
 12994 | D:12     | Killed a red ugly thing
 13231 | D:12     | Noticed a white ugly thing
 13240 | D:12     | Killed a white ugly thing
 13327 | D:12     | Reached XP level 12. HP: 97/101 MP: 18/20
 13330 | D:12     | Reached ***** piety under the Shining One
 13500 | D:12     | Reached skill level 11 in Axes
 14131 | D:13     | Noticed a boulder beetle
 14407 | D:13     | Noticed a boulder beetle
 14432 | D:13     | Killed a boulder beetle
 14720 | D:13     | Lost mutation: You are weak. (Str -2) [potion of mutation]
 14720 | D:13     | Lost mutation: You are covered in fur. (AC +1) [potion of
                  | mutation]
 14720 | D:13     | Gained mutation: Your muscles are strong. (Str +4, Int/Dex
                  | -1) [potion of mutation]
 14720 | D:13     | Gained mutation: You are robust. (+10% HP) [potion of
                  | mutation]
 14720 | D:13     | Gained mutation: A frigid envelope surrounds you and
                  | freezes all who hurt you. [potion of mutation]
 15126 | D:13     | Killed a boulder beetle
 15672 | D:13     | Noticed a two-headed ogre
 15677 | D:13     | Killed a two-headed ogre
 15867 | D:14     | Found a gate to the Vaults.
 15867 | D:14     | Noticed an eight-headed hydra
 15867 | D:14     | Noticed a centaur warrior
 15867 | D:14     | Noticed a vault guard
 15867 | D:14     | Noticed a centaur warrior
 15867 | D:14     | Noticed a vault guard
 15867 | D:14     | Noticed a vault guard
 15867 | D:14     | Noticed a boulder beetle
 15867 | D:14     | Noticed a vault guard
 15879 | D:14     | Killed a vault guard
 15890 | D:14     | Killed a vault guard
 15892 | D:14     | Killed a centaur warrior
 15902 | D:14     | Killed a vault guard
 16197 | D:14     | Killed a vault guard
 16198 | D:14     | Reached XP level 13. HP: 79/118 MP: 19/23
 16361 | D:15     | Entered Level 15 of the Dungeon
 16372 | D:14     | Reached skill level 12 in Axes
 16394 | D:14     | HP: 4/121 [cyclops (23)]
 16960 | Lair:1   | Entered Level 1 of the Lair of Beasts
 18592 | Lair:3   | Noticed Sonja
 18596 | Lair:3   | Killed Sonja
 19212 | Lair:3   | Upgraded the game from 0.29-a0-822-ga620ab95ad to
                  | 0.29-a0-824-gd827844252
 19892 | Lair:4   | Found a staircase to the Swamp.
 19906 | Lair:4   | HP: 3/122 [bog body/bolt of cold (9)]
 19920 | Lair:3   | HP: 1/122 [death yak (8)]
 19923 | Lair:3   | Reached skill level 13 in Axes
 20887 | Lair:4   | Reached XP level 14. HP: 119/130 MP: 25/25
 21531 | Lair:4   | Found a staircase to the Snake Pit.
 21703 | Lair:4   | Reached skill level 10 in Fighting
 22357 | Lair:4   | Noticed a quicksilver ooze
 22364 | Lair:4   | Killed a quicksilver ooze
 23504 | Lair:5   | Found a staircase to the Slime Pits.
 23507 | Lair:5   | Found a viscous altar of Jiyva.
 23767 | Lair:5   | Reached ****** piety under the Shining One
 24059 | Lair:6   | Entered Level 6 of the Lair of Beasts
 24101 | Lair:6   | Identified a +8 broad axe of holy wrath (a +6 broad axe
                  | blessed by the Shining One)
 24101 | Lair:6   | Received a gift from the Shining One
 24704 | Lair:6   | Noticed Josephine
 24708 | Lair:6   | Killed Josephine
 24709 | Lair:6   | Reached skill level 14 in Axes
 24738 | Lair:6   | HP: 4/134 [dire elephant zombie (6)]
 25222 | Lair:6   | Reached skill level 10 in Invocations
 25440 | Lair:6   | Reached XP level 15. HP: 93/140 MP: 14/27
 25956 | Orc:1    | Entered Level 1 of the Orcish Mines
 25956 | Orc:1    | Found Xumeh's Book Boutique.
 26116 | Orc:2    | Entered Level 2 of the Orcish Mines
 26116 | Orc:2    | Found Usoos's Jewellery Shop.
 26116 | Orc:2    | Found Viesiu's Jewellery Boutique.
 26120 | Orc:2    | Gained mutation: You occasionally lose the ability to drink
                  | potions when taking damage. [mutagenic glow]
 26133 | Orc:1    | HP: 4/182 [two-headed ogre/+0 giant club (15)]
 26133 | Orc:1    | Mangled by a two-headed ogre

Illustrated notes

Levels and vault maps discovered:
D:1:      nicolae_arrival_somewhat_less_tricky_arrival, layout_basic
D:2:      layout_basic, uniq_terence
D:3:      layout_loops_cross, mainiacjoe_overflow_six_doors_small, serial_shops,
          nicolae_shop_temple_entry_statues_fountains,
          dreamdust_ecumenical_altar_hidden_monk_grotto
D:4:      minmay_clustersquares, layout_gridville, lemuel_coloured_pillars_altar
D:5:      layout_loops_corners, minmay_temple_entry_statues_pillars,
          grunt_decor_one_mirror
D:6:      layout_cave_pools, nicolae_overflow_squiral, minmay_crystal_room,
          palyth_stone_intersect, uniq_duvessa
D:7:      layout_basic, serial_bayou, serial_bayou_shore_b, serial_bayou_lake_a,
          serial_bayou_pond_d, serial_bayou_shore_b, uniq_joseph,
          uniq_crazy_yiuf_cottage, uniq_pikel
D:8:      layout_cave_pools, uniq_maurice, uniq_amaemon
D:9:      layout_loops_cross, zombieorc1_lemuel
D:10:     layout_long_grid, erik_lair_orcish_takeover, nicolae_titane,
          uniq_erica, uniq_maggie
D:11:     layout_roguey, hangedman_decor_push, st_stairs_13
D:12:     layout_irregular_city
D:13:     layout_long_grid, serial_undead, serial_undead_c, serial_undead_f,
          serial_undead_a, serial_undead_f, portal_ice_cave_entry_imps
D:14:     layout_roguey, lightli_vaults_fourway_checkpoint,
          chequers_serial_rivers_large_b,
          nicolae_dithmenos_through_a_glass_darkly
D:15:     grunt_enter_depths_hoard, layout_basic
Temple:   nicolae_temple_no_exploring_needed
Lair:1:   layout_regular_city, grunt_megastairs_4
Lair:2:   layout_cave_shapes
Lair:3:   layout_misc_corridors, nicolae_quartered_pool_super, uniq_sonja
Lair:4:   layout_regular_city, skrybe_swamp_entry_bodies,
          minmay_snake_entry_six_corridors, nicolae_lair_time_for_slime
Lair:5:   layout_regular_city, slime_entry_1, infiniplex_staircase_pool,
          lemuel_fruit_fields
Lair:6:   due_jungle_book, layout_cave_shapes, grunt_megastairs_5,
          infiniplex_staircase_pool_2, uniq_josephine
Orc:1:    layout_diamond_mine, serial_shops, shop
Orc:2:    st_orc_open, layout_caves, hangedman_minor_magic

Skill      XL: |  1  2  3  4  5  6  7  8  9 10 11 12 13 14 15 |
---------------+----------------------------------------------+-----
Dodging        | 3 4 5 6 7 8 |  8.4
Axes           | 4 5 6 7 8 9 10 11 13 14 | 14.3
Fighting       | 4 5 6 7 8 9 10 | 10.8
Shields        | 4 5 6 7 |  7.8
Invocations    | 1 3 4 5 6 8 10 | 10.3
Spellcasting   | 2 3 4 5 6 7 8 9 |  9.0
Transmutations | 2 3 5 6 7 8 9 |  9.3
Earth Magic    | 2 3 4 6 7 8 9 |  9.3
Long Blades    | 1 |  1.1
Evocations     | |  0.7

Action                   |  1- 3 |  4- 6 |  7- 9 | 10-12 | 13-15 || total
-------------------------+-------+-------+-------+-------+-------++-------
Melee: War axe           |    65 |   114 |   260 |   499 |   652 ||  1590
       Tailslap          |     4 |     9 |    42 |   127 |   140 ||   322
       Kick              |       |       |    38 |     1 |       ||    39
       Broad axe         |       |       |       |    38 |       ||    38
       Scimitar          |       |       |       |    33 |       ||    33
 Cast: Statue Form       |       |       |       |       |     2 ||     2
Invok: Summon Divine War |       |       |       |     4 |     5 ||     9
       Divine Shield     |       |       |       |     1 |     1 ||     2
       Brand Weapon With |       |       |       |       |     1 ||     1
 Abil: Breathe Frost     |       |       |     3 |     1 |     1 ||     5
Evoke: Wand              |       |       |     1 |     2 |     1 ||     4
       Lightning rod     |       |       |       |     2 |     5 ||     7
  Use: Potion            |     1 |     3 |    10 |     7 |     9 ||    30
       Scroll            |     1 |       |     9 |     9 |     9 ||    28
Armor: Skin              |    31 |    85 |    90 |   355 |   327 ||   888
Dodge: Dodged            |    40 |   110 |   155 |   457 |   397 ||  1159
Block: Buckler           |    11 |    38 |   146 |   230 |   168 ||   593
       Reflection        |       |     1 |     1 |       |       ||     2

Table legend: (Time is in decaauts)
 A = Elapsed time spent in this place.
 B = Non-inter-level travel time spent in this place.
 C = Inter-level travel time spent in this place.
 D = Time resting spent in this place.
 E = Time spent auto-exploring this place.
 F = Levels seen in this place.
 G = Mean time per level.
                   A        B        C        D        E       F      G
               +--------+--------+--------+--------+--------+-----+--------+
         Total |  26429 |  25653 |    776 |   3309 |  18963 |  24 | 1101.2 |
       Dungeon |  17265 |  16780 |    485 |   1635 |  12928 |  15 | 1151.0 |
        Temple |     15 |      8 |      7 |      0 |      0 |   1 |   15.0 |
          Lair |   8956 |   8679 |    277 |   1617 |   5981 |   6 | 1492.7 |
  Orcish Mines |    190 |    183 |      7 |     57 |     54 |   2 |   95.0 |
               +--------+--------+--------+--------+--------+-----+--------+

Top non-repeatable levels by time:
  Lair:3: 2391 daAuts
  Lair:4: 1810 daAuts
  Lair:6: 1756 daAuts
    D:11: 1653 daAuts
    D:12: 1575 daAuts
    D:10: 1521 daAuts
    D:13: 1475 daAuts
     D:9: 1445 daAuts
  Lair:5: 1440 daAuts
     D:4: 1348 daAuts
     D:7: 1343 daAuts
     D:6: 1332 daAuts
     D:1: 1111 daAuts
    D:14: 1099 daAuts
  Lair:1: 978 daAuts
